 Dungeon Crawl Stone Soup version 0.31-a0-1388-g4b2ba238e7 (webtiles) character file.

Game seed: 1856581009844062405

693 whatisthis the Trooper (level 7, 0/57 HPs)
             Began as a Human Berserker on Dec 24, 2023.
             Was a Priest of Trog.
             Slain by a lemure (5 damage)
             ... led by Pikel
             ... on level 4 of the Dungeon.
             The game lasted 00:07:22 (2421 turns).

whatisthis the Trooper (Human Berserker)            Turns: 2421, Time: 00:07:23

Health: 0/57       AC: 12    Str: 19    XL:     7   Next: 64%
Magic:  7/7        EV:  8    Int:  7    God:    Trog [***...]
Gold:   78         SH:  0    Dex: 13    Spells: 6/6 levels left

rFire   . . .        o - +0 war axe
rCold   . . .        (no shield)
rNeg    . . .        d - +0 chain mail
rPois   .            b - +0 helmet
rElec   .            (no cloak)
rCorr   .            e - +0 pair of gloves
SInv    .            (no boots)
Will    ++...        y - amulet of the acrobat Stlth
                     (no ring)
HPRegen 1.29/turn    (no ring)
MPRegen 0.10/turn

%: acrobat
@: strong-willed, on berserk cooldown, regenerating, slowed, very slow
A: explore regen
a: Renounce Religion, Berserk, Trog's Hand


You were on level 4 of the Dungeon.
You worshipped Trog.
Trog was most pleased with you.
You visited 1 branch of the dungeon, and saw 4 of its levels.

You collected 78 gold pieces.

Inventory:

Hand Weapons
 a - a +0 hand axe
 o - a +0 war axe (weapon)
Missiles
 j - 2 poisoned darts
 k - 15 stones
Armour
 b - a +0 helmet (worn)
 d - a +0 chain mail (worn)
 e - a +0 pair of gloves (worn)
 f - a +0 kite shield
 q - a +0 plate armour
Jewellery
 m - a ring of fire
 y - an amulet of the acrobat (around neck)
Wands
 n - a wand of iceblast (6)
Scrolls
 h - a scroll of noise {unknown}
 l - a scroll of blinking {unknown}
 r - a scroll of fear {unknown}
 t - a scroll of teleportation {unknown}
 u - a scroll of brand weapon {unknown}
 v - a scroll of identify {unknown}
 w - a scroll of enchant armour {unknown}
Potions
 c - 2 potions of might {unknown}
 g - a potion of attraction {unknown}
 i - a potion of brilliance {unknown}
 p - a potion of mutation {unknown}
 s - a potion of lignification {unknown}
 x - a potion of magic {unknown}


   Skills:
 + Level 5.6 Fighting
 + Level 5.6 Axes
 + Level 4.8 Armour
 - Level 2.0 Dodging


You had 6 spell levels left.
You didn't know any spells.
Your spell library was empty.

Dungeon Overview and Level Annotations

Branches:
Dungeon (4/15)
 Temple: D:4-7

Altars:

Annotations:
D:3 1 runed translucent door
D:4 Pikel


Innate Abilities, Weirdness & Mutations

You regain HP and MP as you explore.


Message History

* * * LOW HITPOINT WARNING * * *
You miss Pikel.
Pikel is almost dead.
You closely miss the orc. You miss the lemure.
The orc hits you but does no damage.
You slash the lemure!
The lemure is moderately wounded.
You closely miss Pikel. You closely miss the orc.
Pikel hits you with a +0 whip of flaming.
* * * LOW HITPOINT WARNING * * *
Pikel burns you.
* * * LOW HITPOINT WARNING * * *
The lemure barely misses you. The orc hits you with a +0 short sword.
* * * LOW HITPOINT WARNING * * *
You slice the orc!!
You kill the orc!
Trog accepts your kill.
You closely miss the lemure. You miss Pikel. Pikel hits you but does no damage.
The lemure barely misses you.
You barely miss Pikel.
Pikel is almost dead.
You slash the lemure! Pikel closely misses you. The lemure barely misses you.
Unknown command.
You feel less confused.
You are no longer berserk.
You are exhausted.
You feel yourself slow down.
Your skin crawls.
You feel strong-willed. Pikel hits you but does no damage.
Pikel barely misses you. The lemure barely misses you.
Unknown command.
You hit Pikel.
Pikel is almost dead.
You hit the lemure. Pikel barely misses you. The lemure barely misses you.
Pikel hits you with a +0 whip of flaming!
* * * LOW HITPOINT WARNING * * *
Pikel burns you.
* * * LOW HITPOINT WARNING * * *
The lemure hits you.
You die...

##############
##############.....<.......
##.........K@)..############
##..#.......5)†............
.........................#
.###....############....# ##
###.## #....# ## ....###.#
#########....#
.S####...K.#####............#
#K..######.÷...).#######....#
###.#####..o.##)).......#.###


You could see Pikel and a lemure.

Vanquished Creatures
  2 lemures (D:4)
  A phantom (D:4)
  The ghost of Sonofthefire the Insei, an amateur OpSh (D:3)
  A bullfrog (D:3)
  A scorpion (D:4)
  2 orc priests (D:2)
  2 hounds (D:4)
  A sleepcap (D:4)
  Ijyb (D:3)
  Jessica (D:3)
  3 orc wizards (D:4)
  7 adders
  3 worms (D:3)
  3 dart slugs
  14 orcs
  5 ball pythons
  6 endoplasms
  3 giant cockroaches
  3 goblins
  4 hobgoblins
  2 jackals (D:1)
  2 quokkas
  8 bats
  7 kobolds
  6 rats
89 creatures vanquished.

Notes
Turn   | Place    | Note
-------+----------+-------------------------------------------
     0 | D:1      | whatisthis the Human Berserker began the quest for the Orb.
     0 | D:1      | Reached XP level 1. HP: 18/18 MP: 1/1
   165 | D:1      | Reached XP level 2. HP: 24/24 MP: 2/2
   601 | D:2      | Reached XP level 3. HP: 29/29 MP: 3/3
   811 | D:2      | Reached ** piety under Trog
   822 | D:2      | Found a faded altar of an unknown god.
   861 | D:2      | Reached XP level 4. HP: 32/37 MP: 4/4
  1167 | D:3      | Noticed Ijyb
  1178 | D:3      | Killed Ijyb
  1179 | D:3      | Reached XP level 5. HP: 42/42 MP: 5/5
  1346 | D:3      | Noticed Jessica
  1353 | D:3      | Killed Jessica
  1682 | D:3      | Found a runed translucent door.
  1683 | D:3      | Noticed Sonofthefire's ghost (amateur OpSh)
  1698 | D:3      | Found a runed translucent door.
  1733 | D:3      | Reached XP level 6. HP: 49/49 MP: 6/6
  1737 | D:3      | Killed Sonofthefire's ghost
  2064 | D:4      | Reached *** piety under Trog
  2065 | D:4      | Reached skill level 5 in Fighting
  2072 | D:4      | Reached skill level 5 in Axes
  2128 | D:4      | Reached XP level 7. HP: 53/56 MP: 7/7
  2253 | D:4      | Noticed Pikel
  2421 | D:4      | Slain by a lemure

Illustrated notes

Levels and vault maps discovered:
D:1:      minmay_arrival_four_circles, layout_basic
D:2:      layout_rooms, dilly_ecumenical_altar_fadedgnrine
D:3:      layout_basic, ebering_ghost_sewer_f, uniq_ijyb, uniq_jessica
D:4:      layout_rooms, nzn_wu_jian_contemplation, uniq_pikel

Skill      XL: |  1  2  3  4  5  6 |
---------------+-------------------+-----
Fighting       | 4 5 |  5.6
Axes           | 4 5 |  5.6
Armour         | 3 4 |  4.8
Dodging        | |  2.0

Action                     |  1- 3 |  4- 6 |  7- 9 || total
---------------------------+-------+-------+-------++-------
  Melee: Hand axe          |    95 |    39 |       ||   134
         Punch             |     1 |     1 |     1 ||     3
         War axe           |       |    89 |    55 ||   144
 Invoke: Berserk           |     1 |     3 |     2 ||     6
         Trog's Hand       |       |       |     1 ||     1
   Stab: Sleeping          |     1 |       |       ||     1
 Armour: Animal skin       |     9 |       |       ||     9
         Chain mail        |    72 |   114 |    74 ||   260
  Dodge: Dodged            |    40 |    57 |    32 ||   129

Table legend: (Time is in decaauts)
 A = Elapsed time spent in this place.
 B = Non-inter-level travel time spent in this place.
 C = Inter-level travel time spent in this place.
 D = Time resting spent in this place.
 E = Time spent auto-exploring this place.
 F = Levels seen in this place.
 G = Mean time per level.
                   A        B        C        D        E       F      G
               +--------+--------+--------+--------+--------+-----+--------+
         Total |   2518 |   2341 |    177 |    213 |   1351 |   4 |  629.5 |
       Dungeon |   2518 |   2341 |    177 |    213 |   1351 |   4 |  629.5 |
               +--------+--------+--------+--------+--------+-----+--------+

Top non-repeatable levels by time:
     D:3: 979 daAuts
     D:1: 590 daAuts
     D:2: 589 daAuts
     D:4: 360 daAuts
